 Dungeon Crawl Stone Soup version 0.25-a0-743-g84dc20635f (console) character file.

Game seed: 16528361840747650232, levelgen mode: deterministic

4375 Gorlak the Thaumaturge (level 10, -21/73 HPs)
             Began as a Human Conjurer on Apr 13, 2020.
             Was a Priest of Vehumet.
             Killed from afar by Erolcha (33 damage)
             ... with a fireball
             ... on level 10 of the Dungeon.
             The game lasted 02:17:47 (9404 turns).

Gorlak the Thaumaturge (Human Conjurer)             Turns: 9404, Time: 02:17:47

Health: -21/73     AC: 13    Str: 11    XL:     10   Next: 60%
Magic:  11/23      EV: 11    Int: 17    God:    Vehumet [***...]
Gold:   495        SH:  0    Dex: 13    Spells: 17/27 levels left

rFire    x . .     SeeInvis .   T - +4 mace (protect)
rCold    + + .     Gourm    .   (no shield)
rNeg     . . .     Faith    .   y - +2 scale mail {rC+}
rPois    .         Spirit   .   E - +0 helmet
rElec    .         Reflect  .   k - +0 cloak
rCorr    .         Harm     .   (no gloves)
MR       .....                  D - +0 pair of boots
Stlth    ++........             (no amulet)
HPRegen  0.22/turn              u - ring of stealth
MPRegen  0.18/turn              L - ring of ice

@: about to teleport
A: no striking features
a: Renounce Religion


You were on level 10 of the Dungeon.
You worshipped Vehumet.
Vehumet was most pleased with you.
You were not hungry.

You visited 2 branches of the dungeon, and saw 11 of its levels.
You also visited: Sewer.

You collected 495 gold pieces.

Inventory:

Hand Weapons
 i - a +2 whip of electrocution
 N - a +1 dagger of freezing
 Q - a +2 dagger of speed
 T - a +4 mace of protection (weapon)
 U - a +3 hand crossbow
 X - a +2 dire flail of protection
Missiles
 n - 21 poisoned darts
 q - 42 stones
 z - 2 throwing nets (quivered)
 V - 21 bolts
Armour
 g - a +0 ring mail
 k - a +0 cloak (worn)
 o - the +2 cloak of the Thief {+Fog Slay-2 SInv Stlth+}
   (You found it on level 7 of the Dungeon)

   It affects your accuracy and damage with ranged weapons and melee attacks
   (-2).
   It lets you see invisible.
   It makes you more stealthy.
 t - a +0 plate armour
 v - a +1 robe of the Archmagi
 y - a +2 scale mail of cold resistance (worn)
 D - a +0 pair of boots (worn)
 E - a +0 helmet (worn)
 H - a +0 chain mail
 J - a +0 leather armour
 R - a +0 ring mail
Jewellery
 u - a ring of stealth (left hand)
 x - an uncursed ring of poison resistance
 L - a ring of ice (right hand)
 Z - an uncursed ring of positive energy
Wands
 e - a wand of digging (3)
 B - a wand of random effects (25)
 K - a wand of acid (23)
 M - a wand of flame (13)
 O - a wand of polymorph (5)
 P - a wand of iceblast (10)
Scrolls
 b - a scroll of blinking {unknown}
 j - 2 scrolls of magic mapping {unknown}
 p - 2 scrolls of enchant armour {unknown}
 s - a scroll of fog {unknown}
 A - a scroll of fear {unknown}
 F - 3 scrolls of identify
 S - 6 scrolls of remove curse
Potions
 d - a potion of might
 f - a potion of haste
 h - a potion of brilliance
 l - 4 potions of curing
 m - 3 potions of heal wounds {unknown}
 r - a potion of mutation {unknown}
 w - a potion of berserk rage {unknown}
 G - a potion of stabbing {unknown}
 I - 3 potions of flight
 W - a potion of lignification {unknown}
Miscellaneous
 Y - a lightning rod (4/4)
Comestibles
 a - 3 chunks of flesh
 c - 18 rations


   Skills:
 - Level 4.4 Fighting
 + Level 5.6 Armour
 - Level 5.0 Dodging
 - Level 3.0 Stealth
 - Level 9.0 Spellcasting
 - Level 8.0 Conjurations


You had 17 spell levels left.
You knew the following spells:

 Your Spells              Type           Power        Failure   Level  Hunger
a - Magic Dart            Conj           ####         1%          1    None
b - Searing Ray           Conj           ####..       1%          2    None
c - Dazzling Flash        Conj/Hex       ###...       7%          3    None
d - Shock                 Conj/Air       ###.         2%          1    None
e - Stone Arrow           Conj/Erth      ###...       7%          3    None

Your spell library contained the following spells:

 Spells                   Type           Power        Failure   Level  Hunger
 Fulminant Prism          Conj/Hex       ###.......   22%         4    ###....
 Iskenderun's Mystic Bla  Conj/Tloc      ###.....     22%         4    ###....


Dungeon Overview and Level Annotations

Branches:
Dungeon (10/15)            Temple (1/1) D:4             Orc (0/2) D:10
  Sewer (visited)
   Lair: D:8-11

Altars:
Ashenzari
Cheibriados
Dithmenos
Elyvilon
Fedhas
Gozag
Hepliaklqana
Kikubaaqudgha
Makhleb
Nemelex Xobeh
Okawaru
Qazlal
Ru
Sif Muna
Trog
Uskayaw
Vehumet
Wu Jian
Xom
Yredelemnul
Zin
The Shining One

Shops:
D:7 =

Annotations:
D:7 1 runed translucent door, guioppo's ghost, novice TrBe
D:10 Erolcha


Message History

Your surroundings suddenly seem different.
Erolcha the Cunning comes into view.
She is wielding a +2 giant spiked club.
Erolcha shouts!
A jelly comes into view.
The jelly quivers.
A hound comes into view.
The hound barks!
A bullfrog comes into view.
A hungry ghost comes into view.
Found a potion of might and a glowing rapier.
As you read the scroll of teleportation, it crumbles to dust.
You feel strangely unstable.
Erolcha gestures wildly while chanting.
Erolcha blinks!
Your surroundings suddenly seem different.
As you read the scroll of teleportation, it crumbles to dust.
You feel strangely unstable.
A hound comes into view.
A hound skeleton comes into view.
Erolcha points at you and mumbles some strange words.
The fireball explodes!
The fireball engulfs you!! The fire burns you terribly!
You die...

###########
#.@........
#...........
#...........
#.....W.....
#.h.........
#..J)..Oh.Z.
#...........
#...........
#.......F...
#!..........
#...........


You could see Erolcha, a hungry ghost, 2 hounds and a jelly.

Vanquished Creatures
  2 centaur skeletons (D:8)
  2 orc warriors (D:8)
  An ice beast (D:8)
  A black bear (D:8)
  A sky beast (D:5)
  6 ogres
  6 centaurs
  4 big kobolds
  Blork the orc (D:5)
  3 bullfrogs
  A water moccasin zombie (D:8)
  3 scorpions
  6 killer bees (D:9)
  6 howler monkeys
  3 crimson imps
  A quasit (D:9)
  3 hounds
  5 orc priests
  A bullfrog skeleton (D:4)
  A jelly (D:5)
  11 orc wizards
  A gnoll shaman (D:5)
  8 worker ants
  2 iguanas (D:4)
  Robin (D:2)
  9 gnolls
  13 adders
  A river rat (Sewer)
  A shadow imp (D:5)
  An ooze (D:2)
  An adder skeleton (D:6)
  3 worms
  A dart slug (D:1)
  5 leopard geckos
  19 orcs
  4 bats
  8 giant cockroaches
  19 goblins
  11 hobgoblins
  14 jackals
  4 quokkas
  3 frilled lizards
  A jackal skeleton (D:4)
  25 kobolds
  A leopard gecko skeleton (D:5)
  2 leopard gecko zombies
  A quokka zombie (D:7)
  10 rats
  A spectral orc (D:7)
238 creatures vanquished.

Notes
Turn   | Place    | Note
-------+----------+-------------------------------------------
     0 | D:1      | Gorlak the Human Conjurer began the quest for the Orb.
     0 | D:1      | Reached XP level 1. HP: 13/13 MP: 3/3
   292 | D:1      | Reached XP level 2. HP: 19/19 MP: 2/5
   849 | D:1      | Reached skill level 3 in Spellcasting
   907 | D:1      | You fall into a shaft and drop 1 floor!
  1041 | D:2      | Reached XP level 3. HP: 24/24 MP: 4/7
  1556 | D:1      | Learned a level 2 spell: Searing Ray
  1687 | D:2      | Reached XP level 4. HP: 26/30 MP: 3/9
  1740 | D:2      | Noticed Robin
  1766 | D:2      | Killed Robin
  1766 | D:2      | Reached skill level 4 in Spellcasting
  1859 | D:2      | Found a sparkling altar of Nemelex Xobeh.
  1929 | D:2      | Reached XP level 5. HP: 21/35 MP: 3/11
  2809 | D:3      | Reached skill level 5 in Spellcasting
  3472 | D:4      | Found a hazy altar of Hepliaklqana.
  3509 | D:4      | Reached XP level 6. HP: 21/41 MP: 8/13
  3670 | D:4      | Reached skill level 5 in Conjurations
  3772 | D:4      | Found a shimmering blue altar of Sif Muna.
  3892 | D:4      | Found a blossoming altar of Fedhas.
  3916 | D:4      | Reached XP level 7. HP: 16/46 MP: 1/14
  3999 | D:4      | Found a glowing drain.
  4009 | Sewer    | Entered a sewer
  4295 | Sewer    | Found a white marble altar of Elyvilon.
  4704 | D:4      | Found a stormy altar of Qazlal.
  4706 | D:4      | Found a staircase to the Ecumenical Temple.
  4739 | Temple   | Entered the Ecumenical Temple
  4777 | Temple   | Became a worshipper of Vehumet
  4873 | D:5      | Entered Level 5 of the Dungeon
  4887 | D:5      | Found a glowing golden altar of the Shining One.
  4891 | D:5      | Reached XP level 8. HP: 25/52 MP: 8/15
  5131 | D:5      | Found an opulent altar of Gozag.
  5220 | D:5      | Reached skill level 1 in Fighting
  5348 | D:5      | Learned a level 3 spell: Dazzling Flash
  5644 | D:5      | Reached * piety under Vehumet
  5644 | D:5      | Offered knowledge of Shock by Vehumet.
  5760 | D:5      | Noticed Blork the orc
  5771 | D:5      | Killed Blork the orc
  5983 | D:5      | Learned a level 1 spell: Shock
  6079 | D:6      | Reached XP level 9. HP: 66/66 MP: 5/16
  6262 | D:6      | Reached skill level 5 in Dodging
  6331 | D:6      | Found a burning altar of Makhleb.
  6405 | D:6      | Found a shimmering blue altar of Sif Muna.
  6449 | D:6      | Reached skill level 1 in Armour
  6871 | D:7      | Found the +2 cloak of the Thief {+Fog Slay-2 SInv Stlth+}
  7019 | D:7      | Found a basalt altar of Yredelemnul.
  7039 | D:7      | Found an ornate altar of the Wu Jian Council.
  7067 | D:7      | Found Baqifar's Jewellery Shoppe.
  7151 | D:7      | Found a runed translucent door.
  7152 | D:7      | Found a shimmering altar of Xom.
  7152 | D:7      | Noticed guioppo's ghost (novice TrBe)
  7152 | D:7      | Noticed a +0 dagger of chaos
  7175 | D:7      | Found an iron altar of Okawaru.
  7332 | D:8      | Reached skill level 5 in Armour
  7514 | D:8      | Offered knowledge of Sandblast by Vehumet.
  7538 | D:8      | Reached ** piety under Vehumet
  7599 | D:8      | Noticed a two-headed ogre
  7620 | D:8      | Reached skill level 6 in Spellcasting
  7715 | D:8      | Reached XP level 10. HP: 72/73 MP: 13/20
  7750 | D:8      | Reached skill level 7 in Spellcasting
  8154 | D:8      | Reached skill level 8 in Spellcasting
  8493 | D:9      | Found a shadowy altar of Dithmenos.
  8494 | D:9      | Offered knowledge of Stone Arrow by Vehumet.
  8635 | D:9      | Learned a level 3 spell: Stone Arrow
  8728 | D:9      | Found a glowing silver altar of Zin.
  8729 | D:9      | Found an ancient bone altar of Kikubaaqudgha.
  8943 | D:9      | Reached *** piety under Vehumet
  8953 | D:9      | Reached skill level 9 in Spellcasting
  9215 | D:10     | Entered Level 10 of the Dungeon
  9384 | D:10     | Found a staircase to the Orcish Mines.
  9399 | D:10     | Noticed Erolcha
  9404 | D:10     | Killed from afar by Erolcha

Levels and vault maps discovered:
D:1:      sevenhm_arrival_forest_fort_large_4, layout_loops_corners
D:2:      layout_loops_corners, nemelex_xobeh_ov_fountains_minmay, first_ration,
          uniq_robin
D:3:      layout_loops_ring
D:4:      layout_basic, kennysheep_mini, led_sif_pool, lemuel_round_altar,
          minmay_temple_entry_statues_pillars, gup_sewer_entry_bubbles,
          skrybe_limestone_x, fedhas_altar_fruit_tree
D:5:      layout_loops_cross, grunt_temple_overflow_open, uniq_blork_the_orc
D:6:      layout_gridville, overflow_temple_1_default, lemuel_tele_altar
D:7:      layout_loops_cross, okawaru_trees_2, old_standard_altar,
          yredelemnul_forgotten_temple_becter, serial_shops,
          nicolae_shop_crystal, ebering_ghost_xom
D:8:      layout_loops_ring, grunt_pizzeria, grunt_ministairs_7
D:9:      layout_big_octagon, lemuel_crystal_altar,
          gammafunk_temple_overflow_statue
D:10:     layout_long_grid, david_lair_generic, minmay_orc_entry_guard_dogs,
          serial_shops, nicolae_shop_behind_doors, basic_altar, uniq_erolcha
Temple:   compressed_dpeg_triangle_lava_temple

Skill      XL: |  1  2  3  4  5  6  7  8  9 10 |
---------------+-------------------------------+-----
Spellcasting   | 3 4 5 6 9 |  9.0
Conjurations   | 6 7 8 |  8.0
Fighting       | 4 |  4.4
Dodging        | 4 5 |  5.0
Armour         | 5 |  5.6
Stealth        | 3 |  3.0

Action                   |  1- 3 |  4- 6 |  7- 9 | 10-12 || total
-------------------------+-------+-------+-------+-------++-------
Melee: Unarmed           |     2 |       |       |       ||     2
       Club              |    29 |   109 |    33 |       ||   171
       Short sword       |     3 |       |       |       ||     3
       Mace              |       |       |    75 |    33 ||   108
 Cast: Magic Dart        |    57 |    86 |   122 |    39 ||   304
       Searing Ray       |       |    12 |    49 |    34 ||    95
       Shock             |       |       |     4 |    14 ||    18
       Dazzling Flash    |       |       |     1 |       ||     1
       Stone Arrow       |       |       |       |     3 ||     3
  Use: Scroll            |     2 |       |     1 |     7 ||    10
       Potion            |       |       |     3 |       ||     3
 Stab: Sleeping          |       |     3 |     2 |       ||     5
       Distracted        |       |     1 |       |       ||     1
  Eat: Chunk             |     3 |     6 |    14 |     3 ||    26
       Ration            |       |       |       |     1 ||     1
Armor: Robe              |     9 |    37 |       |       ||    46
       Leather armour    |       |     4 |    25 |       ||    29
       Scale mail        |       |       |    50 |    70 ||   120
Dodge: Dodged            |    31 |    85 |    96 |    81 ||   293

Table legend:
 A = Non-vault XP
 B = Vault XP
 C = Vault XP percentage of total XP
 D = Non-vault monster count
 E = Vault monster count
 F = Vault count percentage of total count
                 A         B        C        D         E       F
            +---------+---------+-------+---------+---------+-------
      Total |    5816 |     434 |   6.9 |     206 |      32 |  13.4
            +---------+---------+-------+---------+---------+-------
        D:1 |      47 |       0 |   0.0 |      24 |       0 |   0.0
        D:2 |      69 |      37 |  34.9 |      19 |      13 |  40.6
        D:3 |      79 |       0 |   0.0 |      20 |       0 |   0.0
        D:4 |     479 |      56 |  10.5 |      14 |       6 |  30.0
        D:5 |     884 |      96 |   9.8 |      32 |       1 |   3.0
        D:6 |     415 |       0 |   0.0 |      10 |       0 |   0.0
        D:7 |     643 |       1 |   0.2 |      16 |       1 |   5.9
        D:8 |    2067 |     116 |   5.3 |      36 |       1 |   2.7
        D:9 |     935 |       0 |   0.0 |      25 |       0 |   0.0
       D:10 |     198 |       0 |   0.0 |      10 |       0 |   0.0
      Sewer |       0 |     128 | 100.0 |       0 |      10 | 100.0
            +---------+---------+-------+---------+---------+-------
